 Dungeon Crawl Stone Soup version 0.28-a0-1510-gd0f6b136d3 (webtiles) character file.

Game seed: 13170992160605786925

1376 Hasart the Insei (level 8, -1/52 HPs)
             Began as an Octopode Transmuter on Jan 14, 2022.
             Was an Initiate of Gozag.
             Slain by a hornet zombie (12 damage)
             ... on level 6 of the Dungeon.
             The game lasted 00:09:44 (6370 turns).

Hasart the Insei (Octopode Transmuter)              Turns: 6370, Time: 00:09:44

Health: -1/52      AC:  1    Str: 10    XL:     8   Next: 66%
Magic:  13/13      EV: 14    Int: 17    God:    Gozag
Gold:   213        SH:  0    Dex: 12    Spells: 8/14 levels left

rFire   . . .      SeeInvis .     - Unarmed
rCold   . . .      Faith    .   (no shield)
rNeg    . . .      Spirit   .   (helmet currently unavailable)
rPois   .          Reflect  .   (no amulet)
rElec   .          Harm     .   (no ring)
rCorr   .          Rampage  .   (no ring)
Will    .....                   (no ring)
Stlth   ++........              (no ring)
HPRegen 0.17/turn               (no ring)
MPRegen 0.13/turn               (no ring)
                                (no ring)
                                (no ring)

@: appendages, gold aura
A: tentacle spike 3, almost no armour, amphibious, 8 rings, camouflage 1,
gelatinous body 1, (nimble swimmer 1), tentacles
a: End Transformation, Renounce Religion, Potion Petition, Call Merchant, Bribe
Branch


You were on level 6 of the Dungeon.
You worshipped Gozag.
Gozag was aware of your devotion.
One of your tentacles had grown a beastly spike.
You visited 2 branches of the dungeon, and saw 7 of its levels.

You collected 298 gold pieces.
You paid 85 gold pieces to Gozag.

Inventory:

Missiles
 c - 10 poisoned darts (quivered)
Wands
 l - a wand of polymorph (11)
 q - a wand of charming (5)
Scrolls
 a - 6 scrolls of identify {unknown}
 b - a scroll of enchant armour {unknown}
 d - 2 scrolls of fog {unknown}
 i - a scroll of noise {unknown}
 j - 3 scrolls of teleportation {unknown}
 m - a scroll of fear {unknown}
 p - a scroll of magic mapping {unknown}
 r - a scroll of immolation {unknown}
Potions
 e - 4 potions of curing
 f - a potion of berserk rage {unknown}
 g - 2 potions of lignification {unknown}
 h - a potion of haste {unknown}
 k - a potion of heal wounds {unknown}
 n - 2 potions of flight {unknown}
 o - a potion of mutation {unknown}


   Skills:
 + Level 3.5 Fighting
 + Level 3.2 Throwing
 + Level 4.0 Dodging
 * Level 6.2 Unarmed Combat
 + Level 3.8 Spellcasting
 + Level 4.0 Transmutations
 + Level 3.7 Poison Magic


You had 8 spell levels left.
You knew the following spells:

 Your Spells              Type           Power      Damage    Failure   Level
a - Beastly Appendage     Tmut           34%        N/A       3%          1
b - Wereblood             Tmut           17%        N/A       4%          2
c - Spider Form           Tmut/Pois      16%        N/A       10%         3

Your spell library contained the following spells:

 Spells                   Type           Power      Damage    Failure   Level
 Ice Form                 Ice/Tmut       10%        N/A       56%         4
 Alistair's Intoxication  Tmut/Pois      10%        N/A       65%         5
 Borgnjor's Vile Clutch   Necr/Erth      1%         N/A       99%         5
 Eringya's Noxious Bog    Tmut/Pois      8%         N/A       99%         6


Dungeon Overview and Level Annotations

Branches:
Dungeon (6/15)             Temple (1/1) D:6

Altars:
Cheibriados
Dithmenos
Elyvilon
Fedhas
Gozag
Hepliaklqana
Kikubaaqudgha
Makhleb
Nemelex Xobeh
Okawaru
Qazlal
Ru
Sif Muna
Trog
Uskayaw
Vehumet
Wu Jian
Xom
Yredelemnul
Zin
The Shining One

Shops:
D:2 (*

Annotations:
D:4 Menkaure


Innate Abilities, Weirdness & Mutations

One of your tentacles has grown a beastly spike.
You cannot wear most types of armour.
You are amphibious.
You can wear up to eight rings at the same time.
Your skin changes colour to match your surroundings (Stealth+).
Your rubbery body absorbs attacks. (AC +1, EV +1)
((You are camouflaged when in or above water. (Stealth+)))
You have tentacles for arms and can constrict up to eight enemies at once.


Message History

The bullfrog is severely wounded.
You feel sick. The bullfrog hits you.
You closely miss the bullfrog. Your grab misses the bullfrog.
You squeeze the bullfrog.
The bullfrog is severely wounded.
You feel sick. The bullfrog hits you. The bullfrog barely misses you.
You miss the bullfrog. Your grab misses the bullfrog.
You pierce the bullfrog.
The bullfrog is severely wounded.
You feel sick.
The bullfrog hits you but does no damage.
You tentacle-slap the bullfrog but do no damage.
Your grab misses the bullfrog.
The bullfrog is severely wounded.
You feel sick. The bullfrog hits you.
You closely miss the bullfrog. Your grab misses the bullfrog.
You pierce the bullfrog.
You kill the bullfrog!
You feel sick.
You are no longer poisoned.
You barely miss the hornet zombie. You grab the hornet zombie.
You pierce the hornet zombie.
The hornet zombie is lightly damaged.
You constrict the hornet zombie. The hornet zombie hits you!
* * * LOW HITPOINT WARNING * * *
You barely miss the hornet zombie.
You pierce the hornet zombie, but do no damage.
The hornet zombie is lightly damaged.
You constrict the hornet zombie, but do no damage.
The hornet zombie is distracted by your dazzling golden aura.
You tentacle-slap the hornet zombie but do no damage.
The hornet zombie is no longer distracted by gold.
You pierce the hornet zombie, but do no damage.
The hornet zombie is lightly damaged.
You constrict the hornet zombie. The hornet zombie hits you.
* * * LOW HITPOINT WARNING * * *
You tentacle-slap the hornet zombie but do no damage.
The hornet zombie is lightly damaged.
You constrict the hornet zombie. The hornet zombie hits you!
You die...
Your body crumbles into a pile of gold.

...# #..# #.# #..# #.# .
#..# #.# .Z ...# #.# ...
##.# #.## .... ##.# #..##
.....
.#)#########...####......
................@Z'......
....######.....####......
###.# #..#.## ..... # #.#
#.#.## .... ###.# #.###
... ..#.# ... +# #.#.#
##.# #.#.# #.# #.#.#


You could see a hornet zombie.

Vanquished Creatures
  Sigmund (D:2)
  2 sky beasts
  A necrophage (D:6)
  An ogre (D:6)
  2 bullfrogs (D:6)
  3 scorpions
  A water moccasin skeleton (D:5)
  A howler monkey (D:5)
  A crimson imp (D:6)
  A bullfrog zombie (D:5)
  3 hounds
  A bullfrog skeleton (D:6)
  A centaur skeleton (D:6)
  2 iguanas
  Robin (D:2)
  8 adders
  A howler monkey skeleton (D:5)
  2 white imps
  An ufetubus (D:5)
  3 dart slugs
  2 worms
  3 orcs (D:4)
  6 ball pythons
  6 endoplasms
  3 giant cockroaches
  13 goblins
  10 hobgoblins
  2 jackals (D:4)
  6 kobolds
  2 quokkas (D:1)
  4 bats
  A frilled lizard (D:3)
  8 rats
103 creatures vanquished.

Notes
Turn   | Place    | Note
-------+----------+-------------------------------------------
     0 | D:1      | Hasart the Octopode Transmuter began the quest for the Orb.
     0 | D:1      | Reached XP level 1. HP: 13/13 MP: 3/3
   477 | D:1      | Reached XP level 2. HP: 18/18 MP: 5/5
   490 | D:1      | Learned a level 2 spell: Wereblood
  1008 | D:1      | Reached XP level 3. HP: 16/23 MP: 6/6
  1012 | D:1      | Learned a level 3 spell: Spider Form
  1412 | D:2      | Noticed Sigmund
  1425 | D:2      | Killed Sigmund
  1426 | D:2      | Reached skill level 1 in Throwing
  1426 | D:2      | Reached skill level 4 in Unarmed Combat
  1426 | D:2      | Reached skill level 1 in Poison Magic
  1426 | D:2      | Reached XP level 4. HP: 7/29 MP: 7/7
  1426 | D:2      | Reached XP level 5. HP: 8/34 MP: 8/8
  1861 | D:2      | Found a snail-covered altar of Cheibriados.
  1933 | D:2      | Found Walit's Assorted Antiques.
  1935 | D:2      | Noticed Robin
  1954 | D:2      | Killed Robin
  1956 | D:2      | Reached XP level 6. HP: 39/39 MP: 5/9
  2313 | D:2      | Found Zaneing's Weapon Shop.
  2753 | D:3      | Found a faded altar of an unknown god.
  3920 | D:4      | Noticed a sky beast
  3953 | D:4      | Killed a sky beast
  4254 | D:4      | Noticed Menkaure
  4286 | D:5      | Entered Level 5 of the Dungeon
  4298 | D:5      | Reached XP level 7. HP: 44/45 MP: 9/11
  4595 | D:5      | Reached skill level 5 in Unarmed Combat
  5448 | D:6      | Reached XP level 8. HP: 52/52 MP: 11/13
  5515 | D:6      | Found a staircase to the Ecumenical Temple.
  5528 | Temple   | Entered the Ecumenical Temple
  5709 | Temple   | Became a worshipper of Gozag Ym Sagoz the Greedy
  6235 | D:6      | Reached skill level 6 in Unarmed Combat
  6370 | D:6      | Slain by a hornet zombie

Illustrated notes

Levels and vault maps discovered:
D:1:      lemuel_arrival_broad_hall, layout_loops_ring, minmay_tromino_v2
D:2:      layout_basic, serial_shops, shop, nicolae_square_shop, basic_altar,
          uniq_robin, uniq_sigmund
D:3:      minmay_evil_eye, layout_loops_ring,
          shapermc_ecumenical_altar_totnotflames
D:4:      layout_loops_corners, amcnicky_mini_pool_small, bh_walls_and_bars,
          uniq_eustachio, uniq_menkaure
D:5:      layout_basic, minivault_11
D:6:      layout_loops_corners, minmay_temple_entry_crystal_x,
          minmay_fire_ice_demons
Temple:   nicolae_temple_the_god_donut

Skill      XL: |  1  2  3  4  5  6  7  8 |
---------------+-------------------------+-----
Fighting       | 2 3 |  3.5
Throwing       | 1 2 3 |  3.2
Unarmed Combat | 4 5 6 |  6.2
Poison Magic   | 1 2 3 |  3.7
Dodging        | 3 4 |  4.0
Transmutations | 3 4 |  4.0
Spellcasting   | 3 |  3.8

Action                   |  1- 3 |  4- 6 |  7- 9 || total
-------------------------+-------+-------+-------++-------
Melee: Unarmed           |    56 |   116 |    91 ||   263
       Tentacles         |     9 |    20 |    28 ||    57
       Constrict         |    15 |    26 |    22 ||    63
       Kick              |    10 |    17 |    29 ||    56
       Punch             |     1 |     2 |     5 ||     8
Throw: Dart              |       |       |     3 ||     3
 Cast: Beastly Appendage |     5 |    10 |    12 ||    27
       Wereblood         |       |     2 |       ||     2
       Spider Form       |       |     1 |     1 ||     2
  Use: Potion            |       |     1 |       ||     1
 Stab: Sleeping          |     2 |     9 |     3 ||    14
Armor: Skin              |     2 |     9 |     6 ||    17
Dodge: Dodged            |    23 |    70 |    56 ||   149

Table legend: (Time is in decaauts)
 A = Elapsed time spent in this place.
 B = Non-inter-level travel time spent in this place.
 C = Inter-level travel time spent in this place.
 D = Time resting spent in this place.
 E = Time spent auto-exploring this place.
 F = Levels seen in this place.
 G = Mean time per level.
                   A        B        C        D        E       F      G
               +--------+--------+--------+--------+--------+-----+--------+
         Total |   6347 |   6241 |    106 |    805 |   4601 |   7 |  906.7 |
       Dungeon |   6153 |   6059 |     94 |    805 |   4443 |   6 | 1025.5 |
        Temple |    193 |    181 |     12 |      0 |    158 |   1 |  193.0 |
               +--------+--------+--------+--------+--------+-----+--------+

Top non-repeatable levels by time:
     D:1: 1408 daAuts
     D:2: 993 daAuts
     D:6: 955 daAuts
     D:3: 947 daAuts
     D:5: 925 daAuts
     D:4: 923 daAuts
  Temple: 193 daAuts
